 Dungeon Crawl Stone Soup version 0.22-a0-136-g83a10e5 (webtiles) character file.

73 mortelune the Chiller (level 4, -3/30 HPs)
             Began as a Demonspawn Ice Elementalist on Feb 3, 2018.
             Killed from afar by Karim's ghost (19 damage)
             ... with an orb of energy
             ... on level 3 of the Dungeon.
             The game lasted 00:06:40 (3889 turns).

mortelune the Chiller (Demonspawn Ice Elementalist) Turns: 3889, Time: 00:06:41

Health: -3/30      AC:  2    Str:  8    XL:     4   Next: 8%
Magic:  2/8        EV: 12    Int: 18    God:
Gold:   78         SH:  0    Dex: 13    Spells: 3/9 levels left

rFire    + . .     SeeInvis .   r - +0 war axe
rCold    + . .     Gourm    .   (no shield)
rNeg     . . .     Faith    .   a - +0 robe
rPois    .         Spirit   .   (helmet restricted)
rElec    .         Reflect  .   e - scarf {rC+ rF+}
rCorr    .         Harm     .   (no gloves)
MR       .....                  (no boots)
Stlth    ++........             (no amulet)
HPRegen  0.10/turn              (no ring)
MPRegen  0.11/turn              (no ring)

@: no status effects
A: antennae 1, claws 1
a: no special abilities


You were on level 3 of the Dungeon.
You were hungry.

You visited 1 branch of the dungeon, and saw 3 of its levels.

You collected 78 gold pieces.

Inventory:

Hand Weapons
 d - a +0 short sword
 r - a +0 war axe (weapon)
Missiles
 n - 3 needles of confusion
Armour
 a - a +0 robe (worn)
 e - a scarf of resistance (worn)
 s - a +1 leather armour of poison resistance
Jewellery
 k - an uncursed amulet of guardian spirit {unknown}
 m - an uncursed ring of resist corrosion {unknown}
Scrolls
 f - 6 scrolls of identify {unknown}
 j - a scroll of fog {unknown}
 l - a scroll of remove curse {unknown}
 o - 2 scrolls of amnesia {unknown}
 q - a scroll of enchant weapon {unknown}
Potions
 g - a potion of lignification {unknown}
 h - 2 potions of might {unknown}
 i - 2 potions of curing {unknown}
 p - a potion of ambrosia {unknown}
Books
 b - a book of Frost

   Spells                             Type                      Level
   a - Freeze                         Ice                          1
   b - Throw Frost                    Conjuration/Ice              2
   c - Ozocubu's Armour               Charms/Ice                   3
   d - Throw Icicle                   Conjuration/Ice              4
   e - Summon Ice Beast               Ice/Summoning                4
Comestibles
 c - 3 rations
 t - 2 chunks of flesh


   Skills:
 - Level 1.7 Dodging
 - Level 1.7 Stealth
 + Level 3.2 Spellcasting
 - Level 1.0 Conjurations
 + Level 3.7 Ice Magic


You had 3 spell levels left.
You knew the following spells:

 Your Spells              Type           Power        Failure   Level  Hunger
a - Freeze                Ice            ###.         3%          1    None
b - Throw Frost           Conj/Ice       ##....       9%          2    ##.....
c - Ozocubu's Armour      Chrm/Ice       #.......     22%         3    ###....


Dungeon Overview and Level Annotations

Branches:
Dungeon (3/15)

Altars:
Trog

Annotations:
D:3 Karim's ghost, amateur GnCj


Innate Abilities, Weirdness & Mutations

You have a pair of small antennae on your head.
You have sharp fingernails.


Message History

Casting: Throw Frost (safe; 9% risk of failure)
Confirm with . or Enter, or press ? or * to list all spells.
Aiming: Throw Frost (safe; 9% risk of failure)
Press: ? - help, Shift-Dir - straight line, f/p - Karim's ghost
Aim: Karim's ghost, wielding a weapon of pain (moderately damaged)
The puff of frost hits Karim's ghost.
Karim's ghost is moderately damaged.
You are feeling hungry.
Karim's ghost says very slowly, "There's no hope."
Karim's ghost points at you and mumbles some strange words.
The orb of energy hits you!
The orb of energy explodes!
You hear a shout!
You hear an angry hiss.
Karim's ghost casts a spell at you. The magic dart hits you!
You open the door.
There is an open door here.
Karim's ghost gestures at you while chanting.
The orb of energy hits you!
Ouch! That really hurt!
You die...

########### ######## #.........#
########......# #.#######.#
#......#......# #.# #.#
#......#......###.#######.#
+......'......'W....#.....##
#......#).....#####.#.......
.......o..##..@### ##.#####...
...........##.#.######.....W....
....)......##)#.........####..##
.........[.#...########.# ##....
#..........#...# ..# #...#.
.##'#......#...# #..# #..##.
#...# #..# #..... ##'##
#.......#.. #<# ##.###..#..


You could see Karim's ghost.

Vanquished Creatures
  An adder (D:2)
  A worm (D:2)
  A dart slug (D:1)
  2 leopard geckos
  4 orcs
  A giant cockroach (D:2)
  9 goblins
  6 hobgoblins
  2 quokkas (D:2)
  A ball python (D:1)
  4 bats
  3 frilled lizards
  9 kobolds
  7 rats
51 creatures vanquished.

Notes
Turn   | Place    | Note
-------+----------+-------------------------------------------
     0 | D:1      | mortelune the Demonspawn Ice Elementalist began the quest for the Orb.
     0 | D:1      | Reached XP level 1. HP: 13/13 MP: 3/3
   184 | D:1      | Gained mutation: You have a pair of small antennae on your head. [demonic ancestry]
   184 | D:1      | Reached XP level 2. HP: 12/19 MP: 0/5
   323 | D:1      | Learned a level 2 spell: Throw Frost
  1536 | D:2      | Gained mutation: You have sharp fingernails. [demonic ancestry]
  1536 | D:2      | Reached XP level 3. HP: 24/24 MP: 5/7
  1590 | D:1      | Learned a level 3 spell: Ozocubu's Armour
  2565 | D:2      | Noticed a moth of wrath
  2568 | D:2      | Found a bloodstained altar of Trog.
  3228 | D:3      | Noticed Karim's ghost (amateur GnCj)
  3675 | D:3      | Reached XP level 4. HP: 30/30 MP: 1/8
  3889 | D:3      | Killed from afar by Karim's ghost

Vault maps used:
D:1:      dpeg_chamrin_arrival_tetris, supply_closet_lemuel,
          minmay_misc_feat_chi, minmay_misc_feat_cross
D:2:      tgw_trog
D:3:      nicolae_overflow_hidden_temple, lemuel_round_altar

Skill      XL: |  1  2  3 |
---------------+----------+-----
Ice Magic      | 3 |  3.7
Spellcasting   | 3 |  3.2
Dodging        | |  1.7
Stealth        | |  1.7
Conjurations   | |  1.0

Action                   |  1- 3 |  4- 6 || total
-------------------------+-------+-------++-------
Melee: Short sword       |     8 |       ||     8
 Cast: Freeze            |    41 |     3 ||    44
       Throw Frost       |    37 |     6 ||    43
       Ozocubu's Armour  |     1 |       ||     1
 Stab: Sleeping          |     1 |       ||     1
  Eat: Chunk             |     7 |     1 ||     8
       Ration            |     1 |       ||     1
Armor: Robe              |    11 |     1 ||    12
Dodge: Dodged            |    42 |     1 ||    43

Table legend:
 A = Spawn XP
 B = Non-spawn XP
 C = Spawn XP percentage of total XP
 D = Spawn monster count
 E = Non-spawn monster count
 F = Spawn count percentage of total count
 G = Total turns spent on level
                    A         B        C        D         E        F      G
               +---------+---------+-------+---------+---------+-------+---------
         Total |       0 |     105 |   0.0 |       0 |      51 |   0.0 |  3889
               +---------+---------+-------+---------+---------+-------+---------
           D:1 |       0 |      40 |   0.0 |       0 |      23 |   0.0 |  1580
           D:2 |       0 |      48 |   0.0 |       0 |      21 |   0.0 |  1845
           D:3 |       0 |      17 |   0.0 |       0 |       7 |   0.0 |   464
               +---------+---------+-------+---------+---------+-------+---------
